 Dungeon Crawl Stone Soup version 0.28.0-53-g5a82cb258f (webtiles) character file.

Game seed: 4380200077262191004

20 Zeld the Skirmisher (level 2, -1/27 HPs)
             Began as a Minotaur Berserker on June 10, 2022.
             Was a Follower of Trog.
             Slain by a gnoll
             ... wielding a +0 spear
              (4 damage)
             ... on level 2 of the Dungeon.
             The game lasted 00:00:43 (1032 turns).

Zeld the Skirmisher (Minotaur Berserker)            Turns: 1032, Time: 00:00:44

Health: -1/27      AC:  2    Str: 21    XL:     2   Next: 58%
Magic:  1/1        EV: 12    Int:  4    God:    Trog [*.....]
Gold:   83         SH:  0    Dex:  9    Spells: 1/1 levels left

rFire   . . .      SeeInvis .   a - +0 hand axe
rCold   . . .      Faith    .   (no shield)
rNeg    . . .      Spirit   .   b - +0 animal skin
rPois   .          Reflect  .   (helmet restricted)
rElec   .          Harm     .   c - scarf {+Inv}
rCorr   .          Rampage  .   (no gloves)
Will    +....                   (no boots)
Stlth   +.........              (no amulet)
HPRegen 0.09/turn               e - ring of willpower
MPRegen 0.07/turn               (no ring)

@: no status effects
A: horns 2, retaliatory headbutt
a: Renounce Religion, Evoke Invisibility, Berserk


You were on level 2 of the Dungeon.
You worshipped Trog.
Trog was aware of your devotion.
You visited 1 branch of the dungeon, and saw 2 of its levels.

You collected 83 gold pieces.

Inventory:

Hand Weapons
 a - a +0 hand axe (weapon)
Armour
 b - a +0 animal skin (worn)
 c - a scarf of invisibility (worn)
Jewellery
 e - a ring of willpower (left hand)
Potions
 d - a potion of invisibility {unknown}


   Skills:
 * Level 4.1 Fighting
 * Level 4.0 Axes
 + Level 2.7 Armour
 + Level 2.4 Dodging
 + Level 0.1 Evocations


You had one spell level left.
You didn't know any spells.
Your spell library was empty.

Dungeon Overview and Level Annotations

Branches:
Dungeon (2/15)

Altars:


Innate Abilities, Weirdness & Mutations

You have a pair of horns on your head.
You reflexively headbutt those who attack you in melee.


Message History

You hit the kobold.
The kobold is moderately wounded.
The kobold hits you with a +0 whip.
Unknown command.
The kobold hits you with a +0 whip.
You hit the kobold.
You kill the kobold!
Trog accepts your kill.
No target in view!
No target in view!
Found 5 gold pieces.
Found a ring mail.
A gnoll comes into view. It is wielding a +0 club.
The gnoll shouts!
The gnoll moves out of view.
A goblin comes into view. It is wielding a +0 club.
The goblin shouts!
You hear a shout!
A frilled lizard comes into view.
There are monsters nearby!
There are monsters nearby!
A gnoll comes into view. It is wielding a +0 spear.
The frilled lizard hisses angrily.
The goblin hits you with a +0 club.
A gnoll comes into view. It is wielding a +0 halberd.
You barely miss the goblin.
The gnoll shouts!
The goblin misses you. The goblin hits you but does no damage.
The gnoll hits you from afar with a +0 spear.
You slash the goblin!
You kill the goblin!
Trog accepts your kill. The gnoll barely misses you.
The gnoll hits you from afar with a +0 halberd!
* * * LOW HITPOINT WARNING * * *
Unknown command.
The gnoll barely misses you. The gnoll closely misses you.
The gnoll hits you but does no damage.
The gnoll hits you from afar with a +0 spear.
You die...

# ......#....# #.
...8...8..### ##.. #[..
.$.....
#...###)###...###+##
....#...#...###...##
#..8...8g..8.##.....##
#....#glg#...#..(....##
..#. ##.###.#.........#
... #..@#............+
##.8...8...8..........#
#...#.......#.......#
#........#####..)..##
#.####...# ##...## #.
...#.#### ##'## #
........# #.#
#.##.###.# #.#
#.##.##.# #.# ##.##


You could see a gnoll and a frilled lizard.

Vanquished Creatures
  A worm (D:2)
  A giant cockroach (D:1)
  2 goblins
  3 hobgoblins (D:1)
  A quokka (D:1)
  3 ball pythons (D:1)
  A bat (D:1)
  3 kobolds
  2 rats (D:1)
17 creatures vanquished.

Notes
Turn   | Place    | Note
-------+----------+-------------------------------------------
     0 | D:1      | Zeld the Minotaur Berserker began the quest for the Orb.
     0 | D:1      | Reached XP level 1. HP: 19/19 MP: 0/0
   559 | D:1      | Reached XP level 2. HP: 27/27 MP: 1/1
  1032 | D:2      | Slain by a gnoll

Illustrated notes

Levels and vault maps discovered:
D:1:      saegor_arrival_simple_c, layout_basic
D:2:      layout_loops_corners, ebering_ecumenical_altar_mist, basic_altar,
          nicolae_concentric_dashed_squares_mild, minmay_misc_feat_four_crosses

Skill      XL: |  1  2 |
---------------+-------+-----
Fighting       | 4 |  4.1
Axes           | 4 |  4.0
Armour         | |  2.7
Dodging        | |  2.4
Evocations     | |  0.1

Action                   || total
-------------------------++-------
Melee: Hand axe          ||    27
       Headbutt          ||     2
Armor: Animal skin       ||     7
Dodge: Dodged            ||    24
